 Dungeon Crawl Stone Soup version 0.32-a0-673-g3729bd50f8 (webtiles) character file.

Game seed: 18197900295803500521

116517 McSplat the Bludgeoner (level 16, -6/131 HPs)
             Began as a Demonspawn Gladiator on Mar 9, 2024.
             Was an Elder of Trog.
             Killed by angry trees
             ... awakened by a spriggan druid
              (15 damage)
             ... on level 2 of the Swamp on Mar 10, 2024.
             The game lasted 01:56:28 (26822 turns).

McSplat the Bludgeoner (Demonspawn Gladiator)      Turns: 26822, Time: 01:56:29

Health: -6/131     AC: 17    Str: 25    XL:     16   Next: 21%
Magic:  7/7        EV: 12    Int: 15    God:    Trog [****..]
Gold:   1149       SH:  0    Dex: 10    Spells: 15/15 levels left

rFire   x . .        a - +4 great mace (venom)
rCold   + . .        (shield currently unavailable)
rNeg    + . .        S - +0 plate armour "Ozuzxa" {rCorr Str+4 Dex-5}
rPois   +            s - +2 helmet
rElec   .            (no cloak)
rCorr   +            E - +1 pair of gloves {Str+3}
SInv    +            (boots unavailable)
Will    ++++.        v - amulet of faith Stlth
                     P - ring of Lucidity {rF- Will+++ MP-9 Slay+4 SInv}
HPRegen 0.41/turn    f - ring of Compassion {rPois rC+ rN+ Str-4 Int+6}
MPRegen 0.10/turn

%: repel missiles, faith
@: no status effects
A: hooves 3, repulsion field 3, ignite blood 1, powered by death 2
a: Renounce Religion, Berserk, Trog's Hand, Brothers in Arms


You were on level 2 of the Swamp.
You worshipped Trog.
Trog was greatly pleased with you.
You visited 4 branches of the dungeon, and saw 25 of its levels.
You also visited: Trove.

You collected 3212 gold pieces.
You spent 2063 gold pieces at shops.

Inventory:

Hand Weapons
 a - a +4 great mace of venom (weapon)
 b - the +8 dire flail "Wepoy" {antimagic, rElec rC- Will+ Int+5}
   (You found it on level 11 of the Dungeon)

   Int+5:     It affects your intelligence (+5).
   rC-:       It makes you vulnerable to cold.
   rElec:     It insulates you from electricity.
   Will+:     It increases your willpower.
Missiles
 m - 2 throwing nets
 x - 4 curare-tipped darts
 H - 12 boomerangs
Armour
 s - a +2 helmet (worn)
 C - +0 swamp dragon scales
 E - a +1 pair of gloves of strength (worn)
 S - the +0 plate armour "Ozuzxa" (worn) {rCorr Str+4 Dex-5}
   (You found it on level 2 of the Lair of Beasts)

   Str+4:     It affects your strength (+4).
   Dex-5:     It affects your dexterity (-5).
   rCorr:     It protects you from acid and corrosion.
Jewellery
 f - the ring of Compassion (right hand) {rPois rC+ rN+ Str-4 Int+6}
   (You found it in a treasure trove)

   [ring of intelligence]

   Str-4:     It affects your strength (-4).
   Int+6:     It affects your intelligence (+6).
   rC+:       It protects you from cold.
   rPois:     It protects you from poison.
   rN+:       It protects you from negative energy.
 l - a ring of see invisible
 r - an amulet of regeneration
 v - an amulet of faith (around neck)
 D - a ring of protection from fire
 G - the ring of Summertime {Fly rC- Str+6 SInv}
   (You found it in a treasure trove)

   [ring of strength]

   Str+6:     It affects your strength (+6).
   rC-:       It makes you vulnerable to cold.
   SInv:      It lets you see invisible.
   Fly:       It grants you flight.
 I - a ring of resist corrosion
 N - a +4 ring of slaying
 P - the ring of Lucidity (left hand) {rF- Will+++ MP-9 Slay+4 SInv}
   (You found it in a treasure trove)

   [ring of slaying]

   Slay+4:    It affects your accuracy & damage with ranged weapons and melee
   (+4).
   rF-:       It makes you vulnerable to fire.
   Will+++:   It greatly increases your willpower.
   MP-9:      It affects your magic capacity (-9).
   SInv:      It lets you see invisible.
Wands
 d - a wand of light (2)
 n - a wand of polymorph (18)
 y - a wand of iceblast (1)
 A - a wand of flame (51)
 R - a wand of paralysis (22)
Scrolls
 c - 3 scrolls of identify
 i - 5 scrolls of teleportation
 o - 2 scrolls of butterflies
 p - 5 scrolls of silence
 t - 4 scrolls of fog
 u - 2 scrolls of revelation
 B - 2 scrolls of blinking
 M - a scroll of immolation
Potions
 e - 2 potions of magic
 g - 13 potions of curing
 h - 2 potions of enlightenment
 j - 6 potions of heal wounds
 w - 3 potions of invisibility
 z - 4 potions of ambrosia
 F - 4 potions of might
 J - a potion of attraction
 K - 2 potions of resistance
 L - 4 potions of lignification
 O - 7 potions of mutation
Miscellaneous
 Q - a phial of floods
 X - a lightning rod (4/4)


   Skills:
 + Level 13.3 Fighting
 + Level 19.8 Maces & Flails
 - Level 10.0 Throwing
 + Level 5.4 Armour
 - Level 3.0 Dodging
 - Level 10.0 Evocations


You had 15 spell levels left.
You didn't know any spells.
Your spell library contained the following spells:

 Spells                   Type           Power      Damage    Failure   Level
 Gell's Gravitas          Tloc           0%         N/A       100%        3
 Teleport Other           Tloc           0%         N/A       100%        3
 Dispersal                Tloc           0%         N/A       100%        6


Dungeon Overview and Level Annotations

Branches:
Dungeon (15/15)            Temple (0/1) D:7            Lair (5/5) D:8
  Swamp (3/4) Lair:3        Snake (0/4) Lair:2        Slime (0/5) Lair:4
    Orc (2/2) D:9             Elf (0/3) Orc:2        Vaults (0/5) D:13
 Depths (0/4) D:15

Altars:
Gozag
Kikubaaqudgha
Makhleb
Nemelex Xobeh
Qazlal
Trog
Jiyva

Shops:
D:8 **(   D:12 =*(   D:15 [   Orc:2 ![((

Annotations:
D:2 Sigmund
Lair:3 2 transporters
Swamp:1 2 transporters, exclusion: orange crystal statue, Mlioglotl, Roxanne


Innate Abilities, Weirdness & Mutations

You have hooves in place of feet.
You are surrounded by a strong repulsion field. (EV +4, RMsl)
Your demonic aura sometimes causes spilled blood to erupt in flames.
You regenerate health from kills.


Message History

The alligator looks frightened!
The five-headed hydra looks frightened!
The spriggan looks frightened!
The spriggan druid resists with almost no effort.
The swamp worm looks frightened!
A tree reaches out and hits you!
The five-headed hydra is engulfed in blazing flames.
Unknown command.
Unknown command.
A root smacks you from below!
Cornered, the alligator turns to fight!
There is a stone staircase leading up, spattered with blood here.
Unknown command.
Unknown command.
Unknown command.
You bludgeon the spriggan!!
The spriggan is poisoned.
Your attack snaps the spriggan out of its fear.
Your kick misses the spriggan.
The spriggan is severely wounded.
You feel roots moving beneath the ground.
A root smacks you from below!
Unknown command.
Unknown command.
The spriggan rider shouts!
A tree reaches out and hits you!
* * * LOW HITPOINT WARNING * * *
The alligator tail-slaps you.
* * * LOW HITPOINT WARNING * * *
The alligator bites you but does no damage.
You climb upwards.
The forest abruptly stops moving.
There is a stone staircase leading down, spattered with blood here.
Unknown command.
Tree limbs sway around you.
You are hit by a branch!
* * * LOW HITPOINT WARNING * * *
The spriggan druid splashes around in the water.
Blink to where?
Press: ? - help, Dir - move target
As you read the scroll of blinking, it crumbles to dust.
A tree reaches out and hits you!!
* * * LOW HITPOINT WARNING * * *
You are hit by a branch!
You die...

♣♣.♣ ♣~♣ ♣..♣ ♣.♣ ♣♣♣.♣ ♣♣.♣ ♣♣♣
♣.♣[♣ ♣♣♣♣..♣ ♣~♣ ♣♣.♣.♣♣
♣♣.~♣.~♣ ♣♣♣ ♣~♣
♣..♣..♣♣♣♣♣♣.~.~..♣♣♣ ~§♣♣
♣.♣♣♣♣♣[.~.♣.♣............♣
~~~♣♣♣.♣♣.♣>~l~÷.♣......#..♣♣♣.♣
♣.~~~....~†i[..~@.....[...÷.♣♣.♣
♣♣♣♣~...~~~.~♣.~...##.....#....♣
♣♣.♣.~~~.~~..........#....~~♣
♣♣♣~~.~..~~♣...##...#.).(~~♣♣
♣.~♣.♣.~...............~...
♣(~§~.♣..♣.#(#..##......~.÷
♣.~~)♣♣.~♣.#.#..##...#...~~
♣.~..♣♣♣~..###.........~~.~
♣<♣♣♣.♣♣♣.......##.#....~~~


You could see an alligator and a spriggan druid.

Vanquished Creatures
  Jorgrun (D:13)
  A tentacled monstrosity (D:14)
  Kirke (D:13)
  Nessos (D:14)
  4 bunyips
  An eleionoma (Swamp:1)
  Azrael (D:13)
  Snorg (D:13)
  An ettin (Orc:2)
  Josephine (D:14)
  A rakshasa (D:15)
  4 vault guards (D:13)
  A ghost crab (Lair:3)
  10 hydras
  A spriggan air mage (Swamp:1)
  Erolcha (D:11)
  6 centaur warriors
  2 ogre magi (Orc:2)
  3 alligators
  A catoblepas (Lair:3)
  4 boulder beetles
  11 two-headed ogres
  A merfolk avatar (Lair:5)
  A tengu warrior (D:14)
  7 death yaks
  A demonic crawler (D:14)
  An occultist (D:15)
  A skyshark (Lair:3)
  A sea snake (Lair:5)
  4 goliath frogs
  A spriggan druid (Swamp:2)
  2 deep trolls (Orc:2)
  3 bog bodies
  2 swamp dragons
  A harpy (shapeshifter) (D:15)
  A necromancer (D:15)
  2 orc knights (Orc:1)
  17 ugly things
  2 deep elf zephyrmancers (D:15)
  A will-o-the-wisp (Swamp:1)
  2 large abominations (D:14)
  5 cyclopes
  10 manticores
  6 elephants (Lair:3)
  4 kobold blastminers (Orc:1)
  3 black mambas
  A centaur zombie (D:15)
  10 cane toads
  A rime drake (Lair:5)
  2 gargoyles
  3 unseen horrors
  15 komodo dragons
  A yaktaur (shapeshifter) (D:15)
  3 freezing wraiths
  An efreet (D:15)
  A kobold demonologist (D:13)
  2 tengu conjurers
  2 spectral skysharks (Lair:3)
  A troll (shapeshifter) (D:13)
  3 polar bears
  10 trolls
  5 tyrant leeches
  A tarantella (shapeshifter) (D:15)
  A wind drake (Lair:5)
  9 blink frogs
  4 hornets
  2 snapping turtles (Lair:5)
  A centaur simulacrum (D:14)
  7 slime creatures
  5 wyverns
  2 shadows
  5 small abominations (D:14)
  3 spriggans
  44 yaks
  4 hogs (D:13)
  4 basilisks
  7 wraiths
  A warg (Orc:1)
  3 fire elementals (D:13)
  4 vampire mosquitoes
  A neqoxec (D:14)
  3 steam dragons
  3 nagas (Lair:2)
  A spectral cane toad (Lair:3)
  5 swamp worms
  A harpy simulacrum (D:15)
  15 water moccasins
  4 acid dragons
  2 hell hounds (D:13)
  3 sky beasts
  A spectral polar bear (Lair:3)
  A spectral torpor snail (Lair:3)
  2 ice beasts
  15 orc warriors
  A black bear (D:5)
  21 ogres
  A laughing skull (D:9)
  13 centaurs
  14 wolves
  2 phantoms
  A kobold brigand (D:10)
  12 bullfrogs
  5 scorpions
  11 wights
  12 killer bees
  4 electric eels
  5 howler monkeys
  A bombardier beetle (D:5)
  A jelly (D:7)
  19 orc priests
  6 hounds
  2 gnoll boudas (D:7)
  A sleepcap (D:7)
  Jessica (D:2)
  5 iguanas
  Ijyb (D:4)
  20 orc wizards
  A boggart skeleton (D:15)
  6 gnolls
  8 adders
  A shadow imp (D:5)
  A white imp (D:6)
  3 dart slugs
  A ribbon worm (D:4)
  78 orcs
  9 bats
  6 endoplasms
  4 giant cockroaches
  7 goblins
  7 hobgoblins
  4 quokkas
  12 ball pythons
  4 frilled lizards
  11 kobolds
  4 rats
688 creatures vanquished.

Vanquished Creatures (others)
  A bloated husk (Swamp:3)
  An orc wizard (Orc:1)
  A gnoll (D:5)
  6 foxfires (Swamp:1)
9 creatures vanquished.

Grand Total: 697 creatures vanquished

Notes
Turn   | Place    | Note
-------+----------+-------------------------------------------
     0 | D:1      | McSplat the Demonspawn Gladiator began the quest for the
                  | Orb.
     0 | D:1      | Reached XP level 1. HP: 16/16 MP: 1/1
   418 | D:1      | Gained mutation: You have large cloven feet. [demonic
                  | ancestry]
   418 | D:1      | Reached XP level 2. HP: 22/22 MP: 2/2
   740 | D:1      | Reached skill level 3 in Maces & Flails
   740 | D:1      | Reached XP level 3. HP: 17/28 MP: 3/3
  1217 | D:2      | Noticed Sigmund
  1365 | D:2      | Noticed Jessica
  1379 | D:2      | Killed Jessica
  1380 | D:2      | Gained mutation: You are surrounded by a mild repulsion
                  | field. (EV +2) [demonic ancestry]
  1380 | D:2      | Reached XP level 4. HP: 34/34 MP: 4/4
  1974 | D:3      | Noticed an ice beast
  2236 | D:3      | Found a bloodstained altar of Trog.
  2245 | D:3      | Became a worshipper of Trog the Wrathful
  2432 | D:3      | Found a sparkling altar of Nemelex Xobeh.
  2538 | D:4      | Reached XP level 5. HP: 39/41 MP: 5/5
  3047 | D:4      | Noticed Ijyb
  3058 | D:4      | Killed Ijyb
  3447 | D:5      | Entered Level 5 of the Dungeon
  3525 | D:5      | Reached skill level 4 in Maces & Flails
  3525 | D:5      | Reached skill level 1 in Evocations
  3525 | D:5      | Reached XP level 6. HP: 48/48 MP: 6/6
  3538 | D:5      | Noticed a steam dragon
  3976 | D:5      | Reached * piety under Trog
  4082 | D:5      | Gained mutation: Your demonic aura sometimes causes spilled
                  | blood to erupt in flames. [demonic ancestry]
  4082 | D:5      | Reached XP level 7. HP: 55/55 MP: 7/7
  4151 | D:5      | Killed a steam dragon
  4152 | D:5      | Reached skill level 5 in Maces & Flails
  4152 | D:5      | Reached skill level 1 in Armour
  4305 | D:5      | Noticed a troll
  4321 | D:5      | Killed a troll
  4322 | D:5      | Reached skill level 5 in Fighting
  4329 | D:5      | Gained mutation: You regenerate a little health from kills.
                  | [demonic ancestry]
  4329 | D:5      | Reached XP level 8. HP: 52/62 MP: 8/8
  4428 | D:5      | Reached skill level 6 in Maces & Flails
  4955 | D:6      | Reached skill level 7 in Maces & Flails
  5385 | D:6      | Reached skill level 5 in Evocations
  6023 | D:7      | Gained mutation: You are surrounded by a moderate repulsion
                  | field. (EV +3) [demonic ancestry]
  6023 | D:7      | Reached XP level 9. HP: 71/71 MP: 9/9
  6117 | D:7      | Reached skill level 8 in Maces & Flails
  6165 | D:7      | Reached ** piety under Trog
  6232 | D:7      | Found a staircase to the Ecumenical Temple.
  6954 | D:8      | Reached skill level 9 in Maces & Flails
  7158 | D:8      | Found a stormy altar of Qazlal.
  7160 | D:8      | Found a burning altar of Makhleb.
  7179 | D:8      | Found an opulent altar of Gozag.
  7180 | D:8      | Found an ancient bone altar of Kikubaaqudgha.
  7459 | D:8      | Found Suwkef's Assorted Antiques.
  7463 | D:8      | Found Dunoiw's Assorted Antiques.
  7464 | D:8      | Found Atsyiton's Weapon Emporium.
  7470 | D:8      | Bought a scroll of identify for 68 gold pieces
  7517 | D:8      | Bought a thin pearl amulet for 120 gold pieces
  7726 | D:8      | Noticed a komodo dragon
  7733 | D:8      | Killed a komodo dragon
  7798 | D:8      | Noticed a komodo dragon
  7805 | D:8      | Killed a komodo dragon
  7806 | D:8      | Reached XP level 10. HP: 76/80 MP: 10/10
  7974 | D:8      | Found a staircase to the Lair.
  8182 | D:9      | Reached *** piety under Trog
  8301 | D:9      | Reached skill level 10 in Maces & Flails
  8399 | D:9      | Noticed a gargoyle
  8619 | D:9      | Noticed a two-headed ogre
  8624 | D:9      | Killed a two-headed ogre
  8644 | D:9      | Killed a gargoyle
  8645 | D:9      | Reached skill level 11 in Maces & Flails
  8669 | D:9      | Found a staircase to the Orcish Mines.
  8758 | D:9      | Gained mutation: You are surrounded by a strong repulsion
                  | field. (EV +4, RMsl) [demonic ancestry]
  8758 | D:9      | Reached XP level 11. HP: 87/87 MP: 11/11
  8846 | D:9      | Noticed a purple ugly thing
  8846 | D:9      | Noticed a centaur warrior
  8872 | D:9      | Killed a centaur warrior
  8887 | D:9      | Killed a purple ugly thing
  9239 | D:10     | Entered Level 10 of the Dungeon
  9472 | D:10     | Reached **** piety under Trog
 10136 | Lair:1   | Entered Level 1 of the Lair of Beasts
 10247 | Lair:1   | Reached skill level 12 in Maces & Flails
 10351 | Lair:1   | Found a sparkling altar of Nemelex Xobeh.
 10442 | Lair:1   | Identified the +2 pair of boots of Fortitude {Int+5 Stlth+}
 10718 | Lair:1   | Identified the +2 halberd of Woxoess {elec, Stlth+}
 11226 | Lair:2   | Reached skill level 10 in Fighting
 11490 | Lair:2   | You fall into a shaft and drop 1 floor!
 11490 | Lair:3   | Found a transporter.
 11491 | Lair:3   | Noticed a skyshark
 11492 | Lair:3   | Found a transporter.
 11494 | Lair:3   | Noticed a boulder beetle
 11494 | Lair:3   | Noticed a boulder beetle
 11552 | Lair:2   | Gained mutation: You regenerate health from kills. [demonic
                  | ancestry]
 11552 | Lair:2   | Reached XP level 12. HP: 71/97 MP: 12/12
 11773 | Lair:2   | Identified the +0 plate armour "Ozuzxa" {rCorr Str+4 Dex-5}
 11901 | Lair:2   | Reached skill level 13 in Maces & Flails
 11945 | Lair:2   | Found a staircase to the Snake Pit.
 12291 | Lair:3   | Reached skill level 10 in Evocations
 12395 | Lair:3   | Identified the +10 falchion of Wuhiat {heavy, Will+}
 12615 | Lair:3   | Reached skill level 14 in Maces & Flails
 12853 | Lair:3   | Noticed a catoblepas
 12873 | Lair:3   | Killed a catoblepas
 12874 | Lair:3   | Reached skill level 5 in Throwing
 13111 | Lair:3   | Found a staircase to the Swamp.
 13111 | Lair:3   | Noticed a ghost crab
 13130 | Lair:3   | Killed a ghost crab
 13437 | Lair:4   | Noticed a death yak
 13441 | Lair:4   | Noticed a death yak
 13441 | Lair:4   | Noticed a death yak
 13441 | Lair:4   | Noticed a death yak
 13462 | Lair:3   | Killed a death yak
 13601 | Lair:4   | Found a staircase to the Slime Pits.
 13601 | Lair:4   | Found a viscous altar of Jiyva.
 13629 | Lair:4   | Gained mutation: You have hoof-like feet. [demonic
                  | ancestry]
 13629 | Lair:4   | Reached XP level 13. HP: 103/103 MP: 13/13
 14015 | Lair:4   | Identified a scroll of acquirement
 14016 | Lair:4   | Acquired a +1 great mace of venom
 14119 | Lair:5   | Entered Level 5 of the Lair of Beasts
 14540 | Lair:5   | Reached ***** piety under Trog
 15111 | Lair:5   | Reached skill level 15 in Maces & Flails
 15229 | Lair:5   | Identified the +11 trident of Luluoxae {flame, Str+3 Int+6}
 15269 | Lair:5   | Identified the staff of Popular Demand {rF+ rN+ Str+6 Int-2
                  | Stlth+ Necro}
 15696 | Orc:1    | Entered Level 1 of the Orcish Mines
 15939 | Orc:1    | Reached skill level 10 in Throwing
 16132 | Orc:2    | Entered Level 2 of the Orcish Mines
 16190 | Orc:2    | Received a gift from Trog
 16395 | Orc:2    | Found a staircase to the Elven Halls.
 16547 | Orc:2    | Noticed an ettin
 16549 | Orc:2    | Gained mutation: You have hooves in place of feet. [demonic
                  | ancestry]
 16549 | Orc:2    | Reached XP level 14. HP: 110/110 MP: 14/14
 16788 | Orc:2    | Reached skill level 16 in Maces & Flails
 16825 | Orc:2    | Found Milluytu's Antique Weapon Shop.
 17034 | Orc:2    | Paralysed by an ogre mage for 3 turns
 17067 | Orc:2    | Found Noreerym's Armour Boutique.
 17076 | Orc:2    | Found Hunaof's Distillery.
 17105 | Orc:2    | Found Surus's Weapon Boutique.
 17494 | D:11     | Reached ****** piety under Trog
 17527 | D:11     | Reached skill level 17 in Maces & Flails
 17644 | D:11     | Noticed Erolcha
 17658 | D:11     | Killed Erolcha
 17923 | D:11     | Found a portal to a secret trove of treasure.
 17932 | Trove    | Entered a treasure trove
 17958 | Trove    | Identified the ring of Summertime {Fly rC- Str+6 SInv}
 17971 | Trove    | Identified the ring of Lucidity {rF- Will+++ MP-9 Slay+4
                  | SInv}
 17973 | Trove    | Identified the orb of Foolhardiness {*Rage, *Corrode Regen+
                  | Int+3 Earth}
 17981 | Trove    | Identified the ring of Compassion {rPois rC+ rN+ Str-4
                  | Int+6}
 18020 | D:11     | Identified the +8 dire flail "Wepoy" {antimagic, rElec rC-
                  | Will+ Int+5}
 18108 | D:11     | Upgraded the game from 0.32-a0-666-ge8a88695a4 to
                  | 0.32-a0-673-g3729bd50f8
 18345 | D:12     | Found Ymmikikk's Antique Weapon Shop.
 18529 | D:12     | Found Duvustrew's Assorted Antiques.
 18535 | D:12     | Bought a scroll of fog for 112 gold pieces
 18535 | D:12     | Bought a scroll of blinking for 210 gold pieces
 18535 | D:12     | Bought a wand of paralysis (7) for 470 gold pieces
 18535 | D:12     | Bought a potion of heal wounds for 140 gold pieces
 18631 | D:8      | Bought a potion of curing for 72 gold pieces
 18631 | D:8      | Bought a scroll of enchant weapon for 180 gold pieces
 18713 | Orc:2    | Bought a potion of curing for 39 gold pieces
 18713 | Orc:2    | Bought a potion of heal wounds for 65 gold pieces
 18713 | Orc:2    | Bought a potion of might for 52 gold pieces
 18713 | Orc:2    | Bought a potion of heal wounds for 65 gold pieces
 18713 | Orc:2    | Bought a potion of resistance for 130 gold pieces
 18713 | Orc:2    | Bought a potion of curing for 39 gold pieces
 19133 | D:12     | Found Value's Jewellery Shop.
 19511 | D:13     | Noticed Jorgrun
 19521 | D:13     | Killed Jorgrun
 19617 | D:13     | Found a gate to the Vaults.
 19662 | D:13     | Noticed Snorg
 19669 | D:13     | Killed Snorg
 19767 | D:13     | Reached skill level 18 in Maces & Flails
 19767 | D:13     | Reached XP level 15. HP: 119/119 MP: 6/15
 19853 | D:13     | Noticed Azrael
 19866 | D:13     | Killed Azrael
 20098 | D:13     | Noticed Kirke
 20112 | D:13     | Killed Kirke
 20684 | D:14     | Found a runed translucent door.
 20735 | D:14     | Noticed Nessos
 20753 | D:14     | Killed Nessos
 20995 | D:14     | Noticed Josephine
 21009 | D:14     | Killed Josephine
 21547 | D:15     | Entered Level 15 of the Dungeon
 21691 | D:15     | Found Rousohexud's Antique Armour Boutique.
 21736 | D:15     | Bought a pair of embroidered gloves for 262 gold pieces
 22377 | D:15     | Reached skill level 19 in Maces & Flails
 22394 | D:15     | Found a staircase to the Depths.
 22874 | D:14     | Noticed a tentacled monstrosity
 22883 | D:14     | Killed a tentacled monstrosity
 22978 | D:14     | Identified the +9 hand axe "Siuluiw" {freeze, ^Drain rC++
                  | Int+4}
 23586 | Swamp:1  | Entered Level 1 of the Swamp
 23803 | Orc:2    | Bought a potion of lignification for 39 gold pieces
 24660 | Swamp:1  | Noticed Roxanne
 24734 | Swamp:1  | Noticed Mlioglotl
 24737 | Swamp:1  | Noticed a tentacled monstrosity
 24771 | Swamp:1  | Found a transporter.
 24944 | Swamp:1  | Found a transporter.
 25509 | Swamp:2  | Reached XP level 16. HP: 112/130 MP: 7/16
 25706 | Swamp:2  | Reached skill level 5 in Armour
 26167 | Swamp:3  | Noticed a tentacled monstrosity
 26822 | Swamp:2  | Killed from afar by a spriggan druid

Illustrated notes

Levels and vault maps discovered:
D:1:      mushboom_english_gardens, layout_basic, serial_curves, eino_curves_01,
          eino_curves_01
D:2:      minmay_wonky_spiral, layout_rooms, minmay_misc_feat_columns,
          chequers_big_river, uniq_jessica, uniq_sigmund
D:3:      layout_rooms, general_overflow_altar,
          mainiacjoe_overflow_surrounded_room, minmay_distorted
D:4:      layout_basic, uniq_ijyb
D:5:      cheibrodos_barr_body, layout_basic, serial_aquarium,
          aquarium_bridge_square [aquarium_subvault_bridge,
          aquarium_subvault_wall, aquarium_subvault_bridge,
          aquarium_subvault_wall], aquarium_bridge_square
          [aquarium_subvault_bridge, aquarium_subvault_bridge,
          aquarium_subvault_balcony, aquarium_subvault_balcony],
          aquarium_window_double, aquarium_window_fake, aquarium_view_2g,
          aquarium_view_2e, aquarium_balcony_3a, aquarium_pool_side,
          minivault_19
D:6:      layout_loops_corners, nicolae_water_bricks
D:7:      layout_basic, minmay_temple_entry_ruins, hangedman_minor_gate_pass
D:8:      layout_gridville, grunt_temple_overflow_open, erik_lair_dragon,
          nicolae_wooded_promenade, roderic_batcave
D:9:      layout_roguey, david_orc_2, kb_rosetta
D:10:     layout_basic, dk_noncrumbling_3
D:11:     layout_rooms, nicolae_trove_entry_crystal, uniq_erolcha
D:12:     layout_basic, serial_shops, nicolae_shop_competitors_out_of_business,
          nicolae_inconvenience_store, shop
D:13:     layout_roguey, lightli_vaults_fourway_checkpoint, serial_glass,
          glass_columns_a, glass_columns_b, glass_columns_a, glass_columns_a,
          glass_columns_b, glass_columns_b, glass_columns_b, glass_columns_b,
          glass_columns_a, glass_columns_a, uniq_azrael, uniq_jorgrun,
          uniq_kirke, uniq_snorg
D:14:     cheibrodos_body_horror, layout_irregular_city, uniq_nessos,
          uniq_josephine
D:15:     grunt_enter_depths_magical_seal, layout_gridville, serial_shops, shop
Lair:1:   layout_small_grid, basic_altar, pdpol_lair_neglected_garden
Lair:2:   wander_river, layout_long_grid, nicolae_snake_entry_squirm,
          nicolae_quartered_pool_super
Lair:3:   gammafunk_boulding_lane, layout_small_grid, nicolae_swamp_entry_spooky
Lair:4:   layout_roguey, slime_entry_1, minmay_hedge_maze
Lair:5:   gammafunk_lair_ancient_temple, layout_cave_pods,
          chequers_serial_rivers_micro_c
Swamp:1:  gammafunk_sealed_arena, layout_falls_marsh,
          evilmike_swamp_ruin_house_2, uniq_mlioglotl, uniq_roxanne
Swamp:2:  layout_falls_marsh, evilmike_swamp_ruin_rubble_1
Swamp:3:  layout_falls_marsh, evilmike_swamp_ruin_wall,
          hangedman_swamp_wriggling, uniq_louise
Orc:1:    cheibrodos_orc_arena, layout_caves, nicolae_orc_rockfall
Orc:2:    st_orc_open, layout_caves, nicolae_orc_crystal_geode

Skill      XL: |  1  2  3  4  5  6  7  8  9 10 11 12 13 14 15 16 |
---------------+-------------------------------------------------+-----
Throwing       | 2 3 7 10 | 10.0
Maces & Flails | 3 4 5 7 9 11 12 14 15 18 19 | 19.8
Dodging        | 3 |  3.0
Fighting       | 3 4 5 6 7 8 10 11 13 | 13.3
Evocations     | 1 2 3 5 6 8 9 10 | 10.0
Armour         | 1 2 4 5 |  5.4

Action                     |  1- 3 |  4- 6 |  7- 9 | 10-12 | 13-15 | 16-18 || total
---------------------------+-------+-------+-------+-------+-------+-------++-------
  Melee: Flail             |    79 |   134 |   226 |   670 |   603 |       ||  1712
         Kick              |     9 |    33 |    68 |   242 |   381 |    17 ||   750
         Great mace        |       |       |       |       |   361 |    52 ||   413
         Dire flail        |       |       |       |       |     2 |       ||     2
  Throw: Throwing net      |     3 |     1 |       |       |       |       ||     4
         Javelin           |     7 |    11 |    19 |     6 |    43 |     6 ||    92
         Dart              |       |       |       |    14 |     4 |       ||    18
         Boomerang         |       |       |       |     4 |    72 |       ||    76
 Invoke: Berserk           |       |       |     5 |    14 |    16 |     4 ||    39
         Trog's Hand       |       |       |       |     1 |     1 |       ||     2
  Evoke: Wand              |       |       |    20 |    20 |    18 |    13 ||    71
         Phial of floods   |       |       |       |     1 |     3 |       ||     4
         Lightning rod     |       |       |       |       |     2 |       ||     2
    Use: Scroll            |       |    10 |    13 |     6 |    12 |     3 ||    44
         Potion            |       |       |       |       |     8 |       ||     8
   Stab: Invisible         |       |       |     1 |       |       |       ||     1
         Paralysed         |       |       |       |       |     4 |       ||     4
 Armour: Leather armour    |    27 |       |       |       |       |       ||    27
         Scale mail        |    21 |     8 |       |       |       |       ||    29
         Chain mail        |       |    90 |    51 |       |       |       ||   141
         Plate armour      |       |       |   130 |   564 |   790 |   102 ||  1586
  Dodge: Dodged            |    43 |    63 |   112 |   295 |   454 |    52 ||  1019
         Repelled          |       |       |       |     4 |    59 |     7 ||    70

Table legend: (Time is in decaauts)
 A = Elapsed time spent in this place.
 B = Non-inter-level travel time spent in this place.
 C = Inter-level travel time spent in this place.
 D = Time resting spent in this place.
 E = Time spent auto-exploring this place.
 F = Levels seen in this place.
 G = Mean time per level.
                   A        B        C        D        E       F      G
               +--------+--------+--------+--------+--------+-----+--------+
         Total |  26971 |  23710 |   3261 |   4370 |  14153 |  26 | 1037.3 |
       Dungeon |  16675 |  14262 |   2413 |   2054 |   9076 |  15 | 1111.7 |
          Lair |   5714 |   5326 |    388 |    938 |   3220 |   5 | 1142.8 |
         Swamp |   2661 |   2548 |    113 |   1325 |    869 |   3 |  887.0 |
  Orcish Mines |   1849 |   1504 |    345 |     52 |    970 |   2 |  924.5 |
         Trove |     70 |     70 |      0 |      0 |     16 |   1 |   70.0 |
               +--------+--------+--------+--------+--------+-----+--------+

Top non-repeatable levels by time:
     D:8: 1933 daAuts
     D:5: 1511 daAuts
  Lair:3: 1418 daAuts
     D:1: 1416 daAuts
 Swamp:1: 1404 daAuts
    D:14: 1394 daAuts
    D:13: 1302 daAuts
    D:15: 1281 daAuts
 Swamp:2: 1213 daAuts
  Lair:5: 1182 daAuts
     D:9: 1155 daAuts
  Lair:2: 1136 daAuts
   Orc:2: 1104 daAuts
  Lair:1: 1078 daAuts
     D:4: 1071 daAuts
